 Dungeon Crawl Stone Soup version 0.27-a0-1308-gc08437e49b (webtiles) character file.

Game seed: 4779774103291971154

172 spiderkeys the Distorting Octopus (level 5, -2/36 HPs)
             Began as an Octopode Abyssal Knight on June 19, 2021.
             Was a Believer of Lugonu.
             Slain by a centaur (4 damage)
             ... on level 6 of the Dungeon.
             The game lasted 00:04:53 (2122 turns).

spiderkeys the Distorting Octopus (OpAK)            Turns: 2122, Time: 00:04:53

Health: -2/36      AC:  1    Str: 11      XL:     5   Next: 53%
Magic:  8/8        EV: 13    Int: 16      God:    Lugonu [**....]
Gold:   105        SH:  0    Dex:  8 (11) Spells: 5/8 levels left

rFire    . . .     SeeInvis .   a - +1 spear
rCold    . . .     Faith    .   (no shield)
rNeg     . . .     Spirit   .   (helmet restricted)
rPois    .         Reflect  .   (no amulet)
rElec    .         Harm     .   (no ring)
rCorr    .         Rampage  .   (no ring)
Will     .....                  (no ring)
Stlth    ++........             (no ring)
HPRegen  0.12/turn              (no ring)
MPRegen  0.11/turn              (no ring)
                                (no ring)
                                (no ring)

@: very slightly contaminated, invisible
A: almost no armour, amphibious, 8 rings, camouflage 1, gelatinous body 1,
(nimble swimmer 1), tentacles
a: Renounce Religion, Depart the Abyss, Bend Space


You were on level 6 of the Dungeon.
You worshipped Lugonu.
Lugonu was pleased with you.
You visited 1 branch of the dungeon, and saw 4 of its levels.
You visited the Abyss 1 time.

You collected 105 gold pieces.


Innate Abilities, Weirdness & Mutations

You cannot wear most types of armour.
You are amphibious.
You can wear up to eight rings at the same time.
Your skin changes colour to match your surroundings (Stealth+).
Your rubbery body absorbs attacks. (AC +1, EV +1)
((You are camouflaged near water. (Stealth+)))
You have tentacles for arms and can constrict up to eight enemies at once.


   Skills:
 - Level 3.0 Fighting
 - Level 2.2 Polearms
 - Level 2.3 Dodging
 + Level 2.4 Spellcasting
 + Level 2.4 Conjurations
 + Level 3.7 Invocations


You had 5 spell levels left.
You knew the following spells:

 Your Spells              Type           Power      Damage    Failure   Level
m - Magic Dart            Conj           36%        1d4       7%          1
s - Searing Ray           Conj           18%        3d3       11%         2

Your spell library contained the following spells:

 Spells                   Type           Power      Damage    Failure   Level
 Dazzling Flash           Conj/Hex       10%        N/A       34%         3
 Confusing Touch          Hex            1%         N/A       52%         3
 Gell's Gravitas          Tloc           0%         N/A       52%         3
 Fulminant Prism          Conj/Hex       2%         3d6       75%         4
 Iskenderun's Mystic Bla  Conj/Tloc      5%         2d3       75%         4
 Petrify                  Tmut/Erth      1%         N/A       89%         4
 Metabolic Englaciation   Hex/Ice        0%         N/A       99%         5
 Yara's Violent Unravell  Hex/Tmut       0%         3d3       99%         5

Inventory:

Hand Weapons
 a - a +1 spear (weapon)
Missiles
 b - 86 stones
 d - a throwing net {=f!f}
 e - a curare-tipped dart {=f}
 l - 13 bolts
 m - 43 arrows
Magical Staves
 h - a staff of death {!a}
   (You found it on level 1 of the Dungeon)
Scrolls
 f - 3 scrolls of fear
 g - a scroll of identify {@r1}
 k - 2 scrolls of teleportation {@r4}

Dungeon Overview and Level Annotations

Branches:
Dungeon (4/15)
 Temple: D:4-7

Altars:

####
#..#########
#.>.#<.....#
#...#...?..###
##............
##...@....###
###c.[...#
#......#
#.###### #.#
#.. ##.


You could see a centaur.


Message History

You start resting.
You feel a little less clever now. ๐Ÿ˜จ HP[+5] MP[+5]
You regained 5 hp, and now have 11/36 hp.
Your mp is fully restored (8).
You start resting. ๐Ÿ˜Ž HP[+25]
Your hp is fully restored (36).
c - a potion of invisibility
Items here: )) [ รทรท.
d - a throwing net {=f!f};
e - a curare-tipped dart {=f}
Things that are here:
a +0 short sword; a kobold skeleton
Items here: )) [ รทรท.
Things that are here:
a +0 club; a +0 dagger
f - 3 scrolls labelled BUNWUO FUAPH
As you read the scroll of identify {@r1}, it crumbles to dust.
f - 3 scrolls of fear You now have 105 gold pieces (gained 8).
There is a stone staircase leading down here.
A necrophage comes into view.
A goblin comes into view. It is wielding a +0 dagger.
You fall into a shaft and drop 2 floors!
The shaft crumbles and collapses.
Found a pair of boots.
Found an escape hatch in the floor.
A bullfrog zombie comes into view.
Okay, then.
A centaur comes into view.
The bullfrog zombie hits you.
Found a stone staircase leading up. ๐Ÿ˜• HP[-3]
You take 3 damage, and now have 33/36 hp.
You hit the bullfrog zombie. You grab the bullfrog zombie.
You squeeze the bullfrog zombie! You constrict the bullfrog zombie.
The bullfrog zombie barely misses you. The bullfrog zombie closely misses you.
You hit the bullfrog zombie. You constrict the bullfrog zombie.
The centaur shouts!
The bullfrog zombie completely misses you.
You hit the bullfrog zombie. You constrict the bullfrog zombie.
The bullfrog zombie hits you. ๐Ÿ˜• HP[-5]
You take 5 damage, and now have 28/36 hp.
You release your grip on the bullfrog zombie.
The bullfrog zombie barely misses you.
You barely miss the bullfrog zombie. You grab the bullfrog zombie.
You constrict the bullfrog zombie.
The bullfrog zombie barely misses you. ๐Ÿ˜• HP[+1]
You fade into invisibility!
You constrict the bullfrog zombie. The bullfrog zombie closely misses you.
You are very lightly contaminated with residual magic.
You hit the bullfrog zombie. You constrict the bullfrog zombie.
The centaur wields a +0 shortbow.
The centaur shoots an arrow.
The arrow hits the bullfrog zombie!
The bullfrog zombie is destroyed!
The centaur shoots an arrow.
You feel your intelligence returning.
The centaur shoots an arrow.
The arrow hits you!
* * * LOW HITPOINT WARNING * * *
๐Ÿ˜จ HP[-11]
You take 11 damage, and now have 18/36 hp.
MASSIVE DAMAGE!! (PAUSE)
The centaur shoots an arrow.
The arrow hits you!
* * * LOW HITPOINT WARNING * * *
The centaur shoots an arrow.
The arrow hits you.
* * * LOW HITPOINT WARNING * * *
๐Ÿ˜ฑ HP[-13]
You take 13 damage, and now have 5/36 hp.
MASSIVE DAMAGE!! (PAUSE)
You hit the centaur.
Unknown command.
The centaur unwields a +0 shortbow.
The centaur hits you but does no damage.
The centaur closely misses you.
You barely miss the centaur.
You squeeze the centaur, but do no damage.
The centaur hits you but does no damage.
The centaur kicks you.
* * * LOW HITPOINT WARNING * * *
The centaur barely misses you. The centaur kicks you.
* * * LOW HITPOINT WARNING * * *
๐Ÿ˜ฑ HP[-2]
You take 2 damage, and now have 3/36 hp.
You hit the centaur but do no damage. The centaur hits you.
* * * LOW HITPOINT WARNING * * *
The centaur closely misses you. ๐Ÿ˜ฑ HP[-2]
You take 2 damage, and now have 1/36 hp.
You hit the centaur but do no damage. ๐Ÿ˜ฑ HP[+1]
The centaur barely misses you. x2
You completely miss the centaur. The centaur closely misses you.
The centaur kicks you but does no damage.
The centaur closely misses you. The centaur misses you.
You hit the centaur. The centaur barely misses you.
The centaur completely misses you.
You strike the helpless centaur from behind!
You hit the centaur. The centaur completely misses you.
The centaur barely misses you. The centaur hits you.
You die...

Skill      XL: |  1  2  3 |
---------------+----------+-----
Spellcasting   | 1 2 |  2.4
Conjurations   | 2 |  2.4
Invocations    | 3 |  3.7
Fighting       | |  3.0
Polearms       | |  2.2
Dodging        | |  2.3

Action                   |  1- 3 |  4- 6 || total
-------------------------+-------+-------++-------
Melee: Spear             |    73 |    22 ||    95
       Constrict         |    12 |     3 ||    15
       Tentacles         |     8 |     3 ||    11
Throw: Throwing net      |       |     1 ||     1
 Cast: Magic Dart        |    34 |       ||    34
       Searing Ray       |     1 |     1 ||     2
Invok: Bend Space        |       |     1 ||     1
  Use: Scroll            |     3 |     1 ||     4
       Potion            |     5 |     1 ||     6
 Stab: Sleeping          |     4 |       ||     4
       Invisible         |     1 |     2 ||     3
Armor: Skin              |    26 |     9 ||    35
Dodge: Dodged            |    29 |    20 ||    49

Levels and vault maps discovered:
D:1:      sevenhm_arrival_forest_fort_small_4, layout_loops_ring
D:2:      layout_rooms, shapermc_ecumenical_altar_mp_highgroup,
          serial_bayou_pond_a, supply_closet_lemuel
D:4:      layout_rooms, nicolae_ru_path_of_blood, kennysheep_path_1, uniq_edmund
D:6:      layout_rooms, grunt_temple_overflow_champion_of_chaos,
          kennysheep_mini_moat, serial_shops, shop

Notes
Turn   | Place    | Note
-------+----------+-------------------------------------------
     0 | Abyss:1  | spiderkeys the Octopode Abyssal Knight began the quest for
                  | the Orb.
     0 | Abyss:1  | Reached XP level 1. HP: 16/16 MP: 2/2
     0 | Abyss:1  | magus.rc [v1.9.10]
    39 | Abyss:1  | Found a corrupted altar of Lugonu.
    72 | Abyss:1  | Noticed a large abomination
   110 | Abyss:1  | You pick up a book of Conjurations and begin reading...
   110 | Abyss:1  | You add the spells Magic Dart, Searing Ray, Dazzling Flash,
                  | Fulminant Prism and Iskenderun's Mystic Blast to your
                  | library.
   172 | D:1      | You pass through the gate.
   172 | D:1      | Escaped the Abyss
   381 | D:1      | Reached XP level 2. HP: 21/21 MP: 3/3
   383 | D:1      | Learned a level 1 spell: Magic Dart
   657 | D:1      | Reached skill level 1 in Spellcasting
   685 | D:1      | You pick up a book of Misfortune and begin reading...
   685 | D:1      | You add the spells Confusing Touch, Gell's Gravitas,
                  | Petrify, Metabolic Englaciation and Yara's Violent
                  | Unravelling to your library.
   738 | D:1      | Reached ** piety under Lugonu
   995 | D:1      | Reached XP level 3. HP: 26/26 MP: 2/4
  1209 | D:2      | Learned a level 2 spell: Searing Ray
  1293 | D:2      | Reached skill level 1 in Conjurations
  1496 | D:2      | Found a faded altar of an unknown god.
  1737 | D:2      | You fall into a shaft and drop 2 floors!
  1752 | D:4      | Noticed a kobold brigand
  1767 | D:4      | HP: 9/39 [kobold brigand (3)]
  1776 | D:4      | HP: 5/39 [kobold brigand (5)]
  1781 | D:4      | Killed a kobold brigand
  1782 | D:4      | Reached skill level 2 in Spellcasting
  1782 | D:4      | Reached skill level 2 in Conjurations
  1782 | D:4      | Reached skill level 3 in Invocations
  1782 | D:4      | Reached XP level 4. HP: 7/31 MP: 2/7
  1784 | D:4      | Reached XP level 5. HP: 8/36 MP: 0/8
  1789 | D:4      | HP: 5/54 [iguana (4)]
  2100 | D:4      | Noticed a necrophage
  2101 | D:4      | You fall into a shaft and drop 2 floors!
  2104 | D:6      | Noticed a centaur
  2113 | D:6      | HP: 8/36 [centaur/arrow (10)]
  2116 | D:6      | HP: 3/36 [centaur (1)]
  2117 | D:6      | HP: 1/36 [centaur (2)]
  2122 | D:6      | Slain by a centaur

Vanquished Creatures
  A kobold brigand (D:4)
  An iguana (D:4)
  4 orcs (D:4)
  2 ball pythons (D:1)
  4 endoplasms
  4 giant cockroaches
  2 goblins (D:2)
  2 hobgoblins
  6 jackals (D:1)
  2 quokkas (D:1)
  3 bats
  2 frilled lizards (D:1)
  3 kobolds
  4 rats
40 creatures vanquished.

Vanquished Creatures (others)
  A bullfrog zombie (D:6)
  5 plants (D:2)
6 creatures vanquished.

Grand Total: 46 creatures vanquished

Table legend:
 A = Non-vault XP
 B = Vault XP
 C = Vault XP percentage of total XP
 D = Non-vault monster count
 E = Vault monster count
 F = Vault count percentage of total count
                 A         B        C        D         E       F
            +---------+---------+-------+---------+---------+-------
      Total |     247 |       0 |   0.0 |      41 |       0 |   0.0
            +---------+---------+-------+---------+---------+-------
        D:1 |      37 |       0 |   0.0 |      22 |       0 |   0.0
        D:2 |      19 |       0 |   0.0 |      11 |       0 |   0.0
        D:4 |     148 |       0 |   0.0 |       7 |       0 |   0.0
        D:6 |      43 |       0 |   0.0 |       1 |       0 |   0.0
            +---------+---------+-------+---------+---------+-------

Illustrated notes

Table legend:
 A = Kills in this place as a percentage of kills in entire the game.
 B = Kills by you in this place as a percentage of kills by you in the entire game.
 C = Kills by friends in this place as a percentage of kills by friends in the entire game.
 D = Other kills in this place as a percentage of other kills in the entire game.
 E = Experience gained in this place as a percentage of experience gained in the entire game.
 F = Experience gained in this place divided by the number of levels of this place that you have seen.
                   A       B       C       D       E      F
               +-------+-------+-------+-------+-------+----------------------
         Total | 100.0 | 100.0 |   N/A | 100.0 | 100.0 |  41.2
       Dungeon | 100.0 | 100.0 |   N/A | 100.0 | 100.0 |  61.8
               +-------+-------+-------+-------+-------+----------------------

Table legend: (Time is in decaauts)
 A = Elapsed time spent in this place.
 B = Non-inter-level travel time spent in this place.
 C = Inter-level travel time spent in this place.
 D = Time resting spent in this place.
 E = Time spent auto-exploring this place.
 F = Levels seen in this place.
 G = Mean time per level.
                   A        B        C        D        E       F      G
               +--------+--------+--------+--------+--------+-----+--------+
         Total |   2126 |   2116 |     10 |    268 |   1477 |   6 |  354.3 |
       Dungeon |   1954 |   1944 |     10 |    268 |   1372 |   4 |  488.5 |
         Abyss |    171 |    171 |      0 |      0 |    105 |   2 |   85.5 |
               +--------+--------+--------+--------+--------+-----+--------+

Top non-repeatable levels by time:
     D:1: 1021 daAuts
     D:2: 542 daAuts
     D:4: 370 daAuts
 Abyss:1: 124 daAuts
 Abyss:2: 47 daAuts
     D:6: 20 daAuts
